MapleLeafs vs Jets

Created - February 1 2012 at 18:55

Goals
1 2 3 T
MapleLeafs 1 0 1 2
Jets 2 1 0 3
Shots
1 2 3 T
MapleLeafs 8 10 13 31
Jets 8 6 2 16

Period #1

1. Jets , Alex Goligoski 8 (Christian Ehrhoff, Henrik Sedin) at 1:30 (PP)
2. Jets , Henrik Sedin 18 (Blake Comeau, Christian Ehrhoff) at 6:34
3. MapleLeafs , Evgeni Malkin 27 (Patrick Marleau, Vincent Lecavalier) at 8:13

Penalties :
Drew Doughty (TOR) for Holding (Minor) at 0:22

Period #2

4. Jets , Pierre-Alexandre Parenteau 10 (Mark Giordano, Nick Schultz) at 11:41

Penalties :
Andy McDonald (WPG) for Charging (Minor) at 1:54, Martin Erat (WPG) for Holding (Minor) at 4:54, Jay Harrison (TOR) for Hooking (Minor) at 12:07, Drew Doughty (TOR) for Tripping (Minor) at 17:06

Period #3

5. MapleLeafs , Evgeni Malkin 28 (Vincent Lecavalier, Drew Doughty) at 9:09 (PP)

Penalties :
Erik Cole (WPG) for Hooking (Minor) at 2:27, Carlo Colaiacovo (WPG) for Holding Stick (Minor) at 4:41, Mark Giordano (WPG) for Tripping (Minor) at 8:39, Jordin Tootoo (TOR) for Hooking (Minor) at 13:50

Goalie Stats

Antero Niittymaki (TOR), 13 saves from 16 shots - (0.813), L, 0-1-0, 59:17 minutes
Ilya Bryzgalov (WPG), 29 saves from 31 shots - (0.935), W, 23-18-6, 60:00 minutes

Players Stats

MapleLeafs
Player Name              G  A  P  +/- PIM S  H  SB FO    MP 
------------------------------------------------------------
Adam Hall                0  0  0  -1  0   0  2  0  1/2   7  
Andrew Alberts           0  0  0   0  0   0  7  0  0/0   17 
Drew Doughty             0  1  1   1  4   0  0  2  0/0   14 
Ed Jovanovski            0  0  0   1  0   2  0  0  0/0   16 
Evgeni Malkin            2  0  2   0  0   5  0  1  5/9   18 
Greg Zanon               0  0  0  -1  0   1  0  2  0/0   21 
Jay Harrison             0  0  0  -1  2   0  0  0  0/0   6  
Jordin Tootoo            0  0  0  -1  2   1  3  0  3/3   17 
Kris Versteeg            0  0  0  -1  0   3  0  0  2/2   20 
Kyle Cumiskey            0  0  0   0  0   1  0  0  0/0   19 
Matt Greene              0  0  0  -1  0   1  1  0  0/0   20 
Mike Fisher              0  0  0  -1  0   5  0  1  6/15  12 
Mike Grier               0  0  0   0  0   1  0  0  0/1   17 
Nick Boynton             0  0  0  -1  0   0  0  0  0/0   6  
Patrick Marleau          0  1  1   0  0   5  0  0  4/16  22 
Shawn Thornton           0  0  0   0  0   2  0  0  0/2   19 
Vernon Fiddler           0  0  0   0  0   0  0  0  8/16  20 
Vincent Lecavalier       0  2  2   1  0   4  1  0  11/18 21 
Jets
Player Name              G  A  P  +/- PIM S  H  SB FO    MP 
------------------------------------------------------------
Aaron Rome               0  0  0   0  0   0  0  1  0/0   12 
Alex Goligoski           1  0  1   0  0   3  1  1  0/0   21 
Andrei Loktionov         0  0  0   0  0   0  0  0  0/0   0  
Andy McDonald            0  0  0  -1  2   3  0  1  12/20 21 
Blake Comeau             0  1  1   0  0   0  0  0  0/0   4  
Brian Boyle              0  0  0   1  0   0  4  0  10/19 17 
Carlo Colaiacovo         0  0  0   0  2   0  1  0  0/0   18 
Christian Ehrhoff        0  2  2   0  0   1  1  2  0/0   24 
Clarke MacArthur         0  0  0   0  0   0  4  0  0/0   18 
Colby Armstrong          0  0  0   1  0   0  1  0  0/1   15 
Daniel Sedin             0  0  0   0  0   1  0  0  1/2   23 
Erik Cole                0  0  0   0  2   4  4  0  3/5   22 
Henrik Sedin             1  1  2   1  0   2  0  1  18/35 23 
Mark Giordano            0  1  1   1  2   0  0  0  0/0   25 
Martin Erat              0  0  0   0  2   1  1  0  0/1   16 
Nick Schultz             0  1  1   1  0   0  1  0  0/0   21 
Pierre-Alexandre Parente 1  0  1   1  0   1  0  0  0/1   13 
Ryan OMarra              0  0  0   0  0   0  0  0  0/0   1  

3 Stars

1 - Evgeni Malkin (TOR)
2 - Henrik Sedin (WPG)
3 - Vincent Lecavalier (TOR)

Power Play

MapleLeafs - 1 on 5 Attempt(s) - 20.00%
Jets - 1 on 4 Attempt(s) - 25.00%

Penalty Kill

MapleLeafs - 3 on 4 Attempt(s) - 75.00% - Score 0 goal in Penalty Kill
Jets - 4 on 5 Attempt(s) - 80.00% - Score 0 goal in Penalty Kill

Game Notes

Mike Fisher is injured at 1:05 of 3rd period (Sprained Left Knee)

Finance

Level 1 -- Attendance: 5606 (93.43%) -- Ticket Income $504,540.00
Level 2 -- Attendance: 4876 (97.52%) -- Ticket Income $229,172.00
Level 3 -- Attendance: 2200 (100.00%) -- Ticket Income $72,600.00
Level 4 -- Attendance: 1015 (100.00%) -- Ticket Income $23,345.00
Luxury Box -- Attendance: 800 (100.00%) -- Ticket Income $136,000.00
Game was played at the MTS Center
Total Attendance: 14497 (96.55%)
Total Ticket Income: $1,034,485.00
Other Income: $223,337.10
Total Income: $1,257,822.00


Play by Play

Period #1

0:01 of 1st period - Vincent Lecavalier wins face-off versus Henrik Sedin in neutral zone.
0:17 of 1st period - Shot by Erik Cole.
0:17 of 1st period - Deflect By Daniel Sedin.
0:17 of 1st period - Shot Blocked by Drew Doughty.
0:21 of 1st period - Shot by Daniel Sedin.
0:21 of 1st period - Shot Blocked by Drew Doughty.
0:22 of 1st period - Minor Penalty to Drew Doughty for Holding.
0:23 of 1st period - Andy McDonald wins face-off versus Evgeni Malkin in MapleLeafs zone.
0:24 of 1st period - Shot by Clarke MacArthur.
0:24 of 1st period - Shot Blocked by Greg Zanon.
0:26 of 1st period - Shot by Clarke MacArthur.
0:26 of 1st period - Shot Misses the Net.
1:26 of 1st period - Shot by Alex Goligoski.
1:26 of 1st period - Stopped by Antero Niittymaki without a rebound.
1:27 of 1st period - Henrik Sedin wins face-off versus Patrick Marleau in MapleLeafs zone.
1:28 of 1st period - Shot by Christian Ehrhoff.
1:28 of 1st period - Shot Misses the Net.
1:30 of 1st period - Shot by Alex Goligoski.
1:30 of 1st period - Goal by Alex Goligoski - MapleLeafs : 0 - Jets : 1.
1:31 of 1st period - Brian Boyle wins face-off versus Shawn Thornton in neutral zone.
2:19 of 1st period - Shot by Mike Fisher.
2:19 of 1st period - Stopped by Ilya Bryzgalov without a rebound.
2:20 of 1st period - Patrick Marleau wins face-off versus Henrik Sedin in Jets zone.
2:33 of 1st period - Shot by Vincent Lecavalier.
2:33 of 1st period - Shot Blocked by Henrik Sedin.
2:35 of 1st period - Shot by Vincent Lecavalier.
2:35 of 1st period - Shot Misses the Net.
2:50 of 1st period - Icing by Henrik Sedin.
2:51 of 1st period - Henrik Sedin wins face-off versus Mike Fisher in Jets zone.
6:01 of 1st period - Off-side.
6:02 of 1st period - Patrick Marleau wins face-off versus Colby Armstrong in neutral zone.
6:10 of 1st period - Icing by Nick Schultz.
6:11 of 1st period - Vincent Lecavalier wins face-off versus Brian Boyle in Jets zone.
6:22 of 1st period - Shot by Evgeni Malkin.
6:22 of 1st period - Shot Blocked by Aaron Rome.
6:24 of 1st period - Shot by Vincent Lecavalier.
6:24 of 1st period - Stopped by Ilya Bryzgalov without a rebound.
6:25 of 1st period - Henrik Sedin wins face-off versus Patrick Marleau in Jets zone.
6:34 of 1st period - Shot by Blake Comeau.
6:34 of 1st period - Deflect By Henrik Sedin.
6:34 of 1st period - Goal by Henrik Sedin - MapleLeafs : 0 - Jets : 2.
6:35 of 1st period - Brian Boyle wins face-off versus Vernon Fiddler in neutral zone.
7:30 of 1st period - Icing by Aaron Rome.
7:31 of 1st period - Henrik Sedin wins face-off versus Mike Fisher in Jets zone.
7:44 of 1st period - Shot by Henrik Sedin.
7:44 of 1st period - Stopped by Antero Niittymaki without a rebound.
7:45 of 1st period - Brian Boyle wins face-off versus Vincent Lecavalier in MapleLeafs zone.
7:53 of 1st period - Icing by Drew Doughty.
7:54 of 1st period - Vincent Lecavalier wins face-off versus Andy McDonald in MapleLeafs zone.
8:13 of 1st period - Shot by Evgeni Malkin.
8:13 of 1st period - Goal by Evgeni Malkin - MapleLeafs : 1 - Jets : 2.
8:14 of 1st period - Mike Fisher wins face-off versus Daniel Sedin in neutral zone.
9:37 of 1st period - Shot by Patrick Marleau.
9:37 of 1st period - Shot Misses the Net.
9:41 of 1st period - Shot by Evgeni Malkin.
9:41 of 1st period - Deflect By Vincent Lecavalier.
9:41 of 1st period - Shot Misses the Net.
9:45 of 1st period - Shot by Vincent Lecavalier.
9:45 of 1st period - Shot Misses the Net.
10:18 of 1st period - Martin Erat is hit by Andrew Alberts and loses puck.
10:49 of 1st period - Icing by Mark Giordano.
10:50 of 1st period - Andy McDonald wins face-off versus Vincent Lecavalier in Jets zone.
11:41 of 1st period - Icing by Nick Boynton.
11:42 of 1st period - Brian Boyle wins face-off versus Patrick Marleau in MapleLeafs zone.
12:08 of 1st period - Mike Fisher is hit by Nick Schultz and loses puck.
12:21 of 1st period - Shot by Mike Fisher.
12:21 of 1st period - Stopped by Ilya Bryzgalov without a rebound.
12:22 of 1st period - Henrik Sedin wins face-off versus Vernon Fiddler in Jets zone.
12:33 of 1st period - Shot by Daniel Sedin.
12:33 of 1st period - Deflect By Erik Cole.
12:33 of 1st period - Stopped by Antero Niittymaki without a rebound.
12:34 of 1st period - Henrik Sedin wins face-off versus Vernon Fiddler in MapleLeafs zone.
12:34 of 1st period - Daniel Sedin is hit by Andrew Alberts and loses puck.
12:44 of 1st period - Daniel Sedin is hit by Andrew Alberts and loses puck.
13:24 of 1st period - Pierre-Alexandre Parenteau is hit by Andrew Alberts and loses puck.
14:24 of 1st period - Shot by Kris Versteeg.
14:24 of 1st period - Shot Misses the Net.
14:56 of 1st period - Shot by Vincent Lecavalier.
14:56 of 1st period - Shot Blocked by Alex Goligoski.
15:00 of 1st period - Shot by Patrick Marleau.
15:00 of 1st period - Stopped by Ilya Bryzgalov without a rebound.
15:01 of 1st period - Patrick Marleau wins face-off versus Andy McDonald in Jets zone.
15:34 of 1st period - Shot by Andy McDonald.
15:34 of 1st period - Stopped by Antero Niittymaki without a rebound.
15:35 of 1st period - Andy McDonald wins face-off versus Mike Fisher in MapleLeafs zone.
15:38 of 1st period - Shot by Colby Armstrong.
15:38 of 1st period - Shot Misses the Net.
15:40 of 1st period - Shot by Andy McDonald.
15:40 of 1st period - Stopped by Antero Niittymaki without a rebound.
15:41 of 1st period - Andy McDonald wins face-off versus Mike Fisher in MapleLeafs zone.
15:42 of 1st period - Shot by Colby Armstrong.
15:42 of 1st period - Shot Blocked by Greg Zanon.
15:47 of 1st period - Off-side.
15:48 of 1st period - Andy McDonald wins face-off versus Shawn Thornton in neutral zone.
16:23 of 1st period - Icing by Mark Giordano.
16:24 of 1st period - Mike Fisher wins face-off versus Martin Erat in Jets zone.
16:27 of 1st period - Shot by Kris Versteeg.
16:27 of 1st period - Shot Misses the Net.
16:29 of 1st period - Shot by Mike Fisher.
16:29 of 1st period - Stopped by Ilya Bryzgalov without a rebound.
16:30 of 1st period - Mike Fisher wins face-off versus Henrik Sedin in Jets zone.
16:30 of 1st period - Mike Fisher is hit by Christian Ehrhoff.
16:39 of 1st period - Icing by Greg Zanon.
16:40 of 1st period - Jordin Tootoo wins face-off versus Brian Boyle in MapleLeafs zone.
17:51 of 1st period - Icing by Greg Zanon.
17:52 of 1st period - Mike Fisher wins face-off versus Andy McDonald in MapleLeafs zone.
18:11 of 1st period - Shot by Martin Erat.
18:11 of 1st period - Stopped by Antero Niittymaki without a rebound.
18:12 of 1st period - Henrik Sedin wins face-off versus Vincent Lecavalier in MapleLeafs zone.
18:38 of 1st period - Shot by Evgeni Malkin.
18:38 of 1st period - Deflect By Patrick Marleau.
18:38 of 1st period - Stopped by Ilya Bryzgalov without a rebound.
18:39 of 1st period - Vernon Fiddler wins face-off versus Brian Boyle in Jets zone.
18:46 of 1st period - Shot by Kyle Cumiskey.
18:46 of 1st period - Stopped by Ilya Bryzgalov without a rebound.
18:47 of 1st period - Vernon Fiddler wins face-off versus Brian Boyle in Jets zone.
19:20 of 1st period - Andrew Alberts is hit by Brian Boyle and loses puck.
19:33 of 1st period - Mike Grier is hit by Brian Boyle and loses puck.

Period #2

0:01 of 2nd period - Henrik Sedin wins face-off versus Vincent Lecavalier in neutral zone.
0:05 of 2nd period - Off-side.
0:06 of 2nd period - Kris Versteeg wins face-off versus Andy McDonald in neutral zone.
0:29 of 2nd period - Shot by Kris Versteeg.
0:29 of 2nd period - Shot Misses the Net.
0:31 of 2nd period - Shot by Jordin Tootoo.
0:31 of 2nd period - Shot Misses the Net.
0:33 of 2nd period - Shot by Kris Versteeg.
0:33 of 2nd period - Stopped by Ilya Bryzgalov with a rebound.
0:37 of 2nd period - Shot by Kris Versteeg.
0:37 of 2nd period - Shot Misses the Net.
0:39 of 2nd period - Shot by Mike Fisher.
0:39 of 2nd period - Stopped by Ilya Bryzgalov without a rebound.
0:40 of 2nd period - Vincent Lecavalier wins face-off versus Henrik Sedin in Jets zone.
0:47 of 2nd period - Shot by Erik Cole.
0:47 of 2nd period - Stopped by Antero Niittymaki without a rebound.
0:48 of 2nd period - Henrik Sedin wins face-off versus Mike Grier in MapleLeafs zone.
0:50 of 2nd period - Daniel Sedin is hit by Andrew Alberts and loses puck.
1:35 of 2nd period - Vernon Fiddler is hit by Erik Cole.
1:54 of 2nd period - Minor Penalty to Andy McDonald for Charging.
1:55 of 2nd period - Brian Boyle wins face-off versus Mike Fisher in Jets zone.
2:18 of 2nd period - Shot by Mike Fisher.
2:18 of 2nd period - Deflect By Kris Versteeg.
2:18 of 2nd period - Shot Misses the Net.
2:20 of 2nd period - Shot by Jordin Tootoo.
2:20 of 2nd period - Shot Misses the Net.
2:22 of 2nd period - Shot by Matt Greene.
2:22 of 2nd period - Shot Misses the Net.
2:24 of 2nd period - Shot by Jordin Tootoo.
2:24 of 2nd period - Shot Misses the Net.
2:28 of 2nd period - Shot by Jordin Tootoo.
2:28 of 2nd period - Stopped by Ilya Bryzgalov without a rebound.
2:29 of 2nd period - Vincent Lecavalier wins face-off versus Henrik Sedin in Jets zone.
2:34 of 2nd period - Shot by Vincent Lecavalier.
2:34 of 2nd period - Stopped by Ilya Bryzgalov without a rebound.
2:35 of 2nd period - Vincent Lecavalier wins face-off versus Brian Boyle in Jets zone.
3:13 of 2nd period - Icing by Ed Jovanovski.
3:14 of 2nd period - Brian Boyle wins face-off versus Vincent Lecavalier in MapleLeafs zone.
4:01 of 2nd period - Shot by Mike Grier.
4:01 of 2nd period - Shot Misses the Net.
4:03 of 2nd period - Shot by Mike Grier.
4:03 of 2nd period - Stopped by Ilya Bryzgalov without a rebound.
4:04 of 2nd period - Andy McDonald wins face-off versus Vernon Fiddler in Jets zone.
4:17 of 2nd period - Mike Grier is hit by Colby Armstrong and loses puck.
4:50 of 2nd period - Icing by Kyle Cumiskey.
4:51 of 2nd period - Vernon Fiddler wins face-off versus Andy McDonald in MapleLeafs zone.
4:51 of 2nd period - Vernon Fiddler is hit by Clarke MacArthur.
4:54 of 2nd period - Minor Penalty to Martin Erat for Holding.
4:55 of 2nd period - Brian Boyle wins face-off versus Evgeni Malkin in Jets zone.
5:14 of 2nd period - Shot by Evgeni Malkin.
5:14 of 2nd period - Shot Misses the Net.
5:26 of 2nd period - Shot by Evgeni Malkin.
5:26 of 2nd period - Stopped by Ilya Bryzgalov without a rebound.
5:27 of 2nd period - Henrik Sedin wins face-off versus Mike Fisher in Jets zone.
5:27 of 2nd period - Henrik Sedin is hit by Jordin Tootoo.
6:43 of 2nd period - Shot by Evgeni Malkin.
6:43 of 2nd period - Shot Misses the Net.
6:45 of 2nd period - Shot by Ed Jovanovski.
6:45 of 2nd period - Stopped by Ilya Bryzgalov without a rebound.
6:46 of 2nd period - Mike Fisher wins face-off versus Henrik Sedin in Jets zone.
7:11 of 2nd period - Mike Grier is hit by Clarke MacArthur and loses puck.
9:52 of 2nd period - Icing by Matt Greene.
9:53 of 2nd period - Andy McDonald wins face-off versus Mike Fisher in MapleLeafs zone.
11:05 of 2nd period - Icing by Erik Cole.
11:06 of 2nd period - Mike Fisher wins face-off versus Henrik Sedin in Jets zone.
11:13 of 2nd period - Kris Versteeg is hit by Erik Cole and loses puck.
11:41 of 2nd period - Shot by Pierre-Alexandre Parenteau.
11:41 of 2nd period - Goal by Pierre-Alexandre Parenteau - MapleLeafs : 1 - Jets : 3.
11:42 of 2nd period - Andy McDonald wins face-off versus Patrick Marleau in neutral zone.
12:07 of 2nd period - Minor Penalty to Jay Harrison for Hooking.
12:08 of 2nd period - Daniel Sedin wins face-off versus Patrick Marleau in MapleLeafs zone.
13:02 of 2nd period - Shot by Alex Goligoski.
13:02 of 2nd period - Stopped by Antero Niittymaki without a rebound.
13:03 of 2nd period - Evgeni Malkin wins face-off versus Henrik Sedin in MapleLeafs zone.
13:45 of 2nd period - Icing by Mark Giordano.
13:46 of 2nd period - Evgeni Malkin wins face-off versus Erik Cole in Jets zone.
13:59 of 2nd period - Shot by Erik Cole.
13:59 of 2nd period - Stopped by Antero Niittymaki without a rebound.
14:00 of 2nd period - Andy McDonald wins face-off versus Evgeni Malkin in MapleLeafs zone.
14:58 of 2nd period - Off-side.
14:59 of 2nd period - Henrik Sedin wins face-off versus Mike Fisher in neutral zone.
15:03 of 2nd period - Christian Ehrhoff is hit by Matt Greene and loses puck.
15:10 of 2nd period - Shot by Mike Fisher.
15:10 of 2nd period - Stopped by Ilya Bryzgalov without a rebound.
15:11 of 2nd period - Andy McDonald wins face-off versus Patrick Marleau in Jets zone.
15:11 of 2nd period - Andy McDonald is hit by Adam Hall.
15:14 of 2nd period - Clarke MacArthur is hit by Adam Hall and loses puck.
15:21 of 2nd period - Shot by Vincent Lecavalier.
15:21 of 2nd period - Shot Misses the Net.
15:25 of 2nd period - Shot by Adam Hall.
15:25 of 2nd period - Shot Misses the Net.
15:31 of 2nd period - Shot by Vincent Lecavalier.
15:31 of 2nd period - Shot Blocked by Andy McDonald.
15:35 of 2nd period - Shot by Vincent Lecavalier.
15:35 of 2nd period - Stopped by Ilya Bryzgalov without a rebound.
15:36 of 2nd period - Kris Versteeg wins face-off versus Henrik Sedin in Jets zone.
15:47 of 2nd period - Shot by Greg Zanon.
15:47 of 2nd period - Shot Blocked by Christian Ehrhoff.
15:49 of 2nd period - Shot by Matt Greene.
15:49 of 2nd period - Stopped by Ilya Bryzgalov without a rebound.
15:50 of 2nd period - Vernon Fiddler wins face-off versus Pierre-Alexandre Parenteau in Jets zone.
16:54 of 2nd period - Shot by Erik Cole.
16:54 of 2nd period - Stopped by Antero Niittymaki without a rebound.
16:55 of 2nd period - Vincent Lecavalier wins face-off versus Andy McDonald in MapleLeafs zone.
16:55 of 2nd period - Vincent Lecavalier is hit by Martin Erat.
17:06 of 2nd period - Minor Penalty to Drew Doughty for Tripping.
17:07 of 2nd period - Henrik Sedin wins face-off versus Patrick Marleau in MapleLeafs zone.
17:12 of 2nd period - Shot by Christian Ehrhoff.
17:12 of 2nd period - Stopped by Antero Niittymaki with a rebound.
17:19 of 2nd period - Icing by Henrik Sedin.
17:20 of 2nd period - Henrik Sedin wins face-off versus Patrick Marleau in Jets zone.
17:39 of 2nd period - Shot by Evgeni Malkin.
17:39 of 2nd period - Shot Blocked by Christian Ehrhoff.
18:24 of 2nd period - Shot by Andy McDonald.
18:24 of 2nd period - Shot Misses the Net.
18:44 of 2nd period - Shot by Clarke MacArthur.
18:44 of 2nd period - Shot Misses the Net.
19:25 of 2nd period - Pierre-Alexandre Parenteau is hit by Andrew Alberts and loses puck.

Period #3

0:01 of 3rd period - Vincent Lecavalier wins face-off versus Henrik Sedin in neutral zone.
0:01 of 3rd period - Vincent Lecavalier is hit by Erik Cole.
0:18 of 3rd period - Shot by Evgeni Malkin.
0:18 of 3rd period - Stopped by Ilya Bryzgalov with a rebound.
0:21 of 3rd period - Icing by Christian Ehrhoff.
0:22 of 3rd period - Erik Cole wins face-off versus Mike Fisher in Jets zone.
0:43 of 3rd period - Shot by Daniel Sedin.
0:43 of 3rd period - Shot Misses the Net.
1:03 of 3rd period - Shot by Clarke MacArthur.
1:03 of 3rd period - Shot Misses the Net.
1:05 of 3rd period - Shot by Andy McDonald.
1:05 of 3rd period - Shot Blocked by Mike Fisher.
1:05 of 3rd period - Mike Fisher from MapleLeafs is injured at 1:05 of 3rd period (Sprained Left Knee).
1:06 of 3rd period - Brian Boyle wins face-off versus Vincent Lecavalier in MapleLeafs zone.
1:46 of 3rd period - Patrick Marleau is hit by Brian Boyle and loses puck.
2:25 of 3rd period - Shot by Andy McDonald.
2:25 of 3rd period - Stopped by Antero Niittymaki without a rebound.
2:26 of 3rd period - Vernon Fiddler wins face-off versus Erik Cole in MapleLeafs zone.
2:26 of 3rd period - Vernon Fiddler is hit by Erik Cole.
2:27 of 3rd period - Minor Penalty to Erik Cole for Hooking.
2:28 of 3rd period - Jordin Tootoo wins face-off versus Brian Boyle in Jets zone.
2:33 of 3rd period - Shot by Kris Versteeg.
2:33 of 3rd period - Shot Misses the Net.
2:35 of 3rd period - Shot by Vernon Fiddler.
2:35 of 3rd period - Deflect By Kris Versteeg.
2:35 of 3rd period - Shot Misses the Net.
2:37 of 3rd period - Shot by Greg Zanon.
2:37 of 3rd period - Stopped by Ilya Bryzgalov without a rebound.
2:38 of 3rd period - Vernon Fiddler wins face-off versus Henrik Sedin in Jets zone.
2:49 of 3rd period - Shot by Kris Versteeg.
2:49 of 3rd period - Stopped by Ilya Bryzgalov without a rebound.
2:50 of 3rd period - Jordin Tootoo wins face-off versus Brian Boyle in Jets zone.
2:57 of 3rd period - Shot by Kris Versteeg.
2:57 of 3rd period - Shot Misses the Net.
2:59 of 3rd period - Shot by Vernon Fiddler.
2:59 of 3rd period - Shot Misses the Net.
3:01 of 3rd period - Shot by Kris Versteeg.
3:01 of 3rd period - Stopped by Ilya Bryzgalov without a rebound.
3:02 of 3rd period - Henrik Sedin wins face-off versus Vernon Fiddler in Jets zone.
4:18 of 3rd period - Off-side.
4:19 of 3rd period - Henrik Sedin wins face-off versus Adam Hall in neutral zone.
4:41 of 3rd period - Minor Penalty to Carlo Colaiacovo for Holding Stick.
4:42 of 3rd period - Henrik Sedin wins face-off versus Vernon Fiddler in Jets zone.
5:51 of 3rd period - Shot by Patrick Marleau.
5:51 of 3rd period - Stopped by Ilya Bryzgalov without a rebound.
5:52 of 3rd period - Vincent Lecavalier wins face-off versus Henrik Sedin in Jets zone.
6:05 of 3rd period - Andy McDonald is hit by Vincent Lecavalier and loses puck.
6:20 of 3rd period - Shot by Evgeni Malkin.
6:20 of 3rd period - Stopped by Ilya Bryzgalov without a rebound.
6:21 of 3rd period - Adam Hall wins face-off versus Brian Boyle in Jets zone.
6:28 of 3rd period - Shot by Shawn Thornton.
6:28 of 3rd period - Stopped by Ilya Bryzgalov without a rebound.
6:29 of 3rd period - Vernon Fiddler wins face-off versus Henrik Sedin in Jets zone.
6:46 of 3rd period - Shot by Vernon Fiddler.
6:46 of 3rd period - Deflect By Shawn Thornton.
6:46 of 3rd period - Shot Misses the Net.
7:07 of 3rd period - Off-side.
7:08 of 3rd period - Vernon Fiddler wins face-off versus Andy McDonald in neutral zone.
7:38 of 3rd period - Andy McDonald is hit by Jordin Tootoo and loses puck.
8:00 of 3rd period - Icing by Jay Harrison.
8:01 of 3rd period - Henrik Sedin wins face-off versus Patrick Marleau in MapleLeafs zone.
8:28 of 3rd period - Shot by Daniel Sedin.
8:28 of 3rd period - Stopped by Antero Niittymaki without a rebound.
8:29 of 3rd period - Evgeni Malkin wins face-off versus Henrik Sedin in MapleLeafs zone.
8:29 of 3rd period - Evgeni Malkin is hit by Clarke MacArthur.
8:39 of 3rd period - Minor Penalty to Mark Giordano for Tripping.
8:40 of 3rd period - Vincent Lecavalier wins face-off versus Brian Boyle in Jets zone.
9:05 of 3rd period - Shot by Ed Jovanovski.
9:05 of 3rd period - Stopped by Ilya Bryzgalov with a rebound.
9:09 of 3rd period - Shot by Vincent Lecavalier.
9:09 of 3rd period - Deflect By Evgeni Malkin.
9:09 of 3rd period - Goal by Evgeni Malkin - MapleLeafs : 2 - Jets : 3.
9:10 of 3rd period - Andy McDonald wins face-off versus Vernon Fiddler in neutral zone.
9:40 of 3rd period - Off-side.
9:41 of 3rd period - Brian Boyle wins face-off versus Patrick Marleau in neutral zone.
10:09 of 3rd period - Shot by Patrick Marleau.
10:09 of 3rd period - Deflect By Shawn Thornton.
10:09 of 3rd period - Shot Misses the Net.
10:11 of 3rd period - Shot by Shawn Thornton.
10:11 of 3rd period - Stopped by Ilya Bryzgalov without a rebound.
10:12 of 3rd period - Vincent Lecavalier wins face-off versus Henrik Sedin in Jets zone.
10:12 of 3rd period - Vincent Lecavalier is hit by Alex Goligoski.
10:34 of 3rd period - Shot by Patrick Marleau.
10:34 of 3rd period - Stopped by Ilya Bryzgalov without a rebound.
10:35 of 3rd period - Andy McDonald wins face-off versus Evgeni Malkin in Jets zone.
12:02 of 3rd period - Icing by Kyle Cumiskey.
12:03 of 3rd period - Brian Boyle wins face-off versus Vernon Fiddler in MapleLeafs zone.
12:03 of 3rd period - Mark Giordano is hit by Andrew Alberts and loses puck.
13:14 of 3rd period - Shot by Vincent Lecavalier.
13:14 of 3rd period - Stopped by Ilya Bryzgalov without a rebound.
13:15 of 3rd period - Henrik Sedin wins face-off versus Patrick Marleau in Jets zone.
13:15 of 3rd period - Henrik Sedin is hit by Jordin Tootoo.
13:50 of 3rd period - Minor Penalty to Jordin Tootoo for Hooking.
13:51 of 3rd period - Patrick Marleau wins face-off versus Andy McDonald in MapleLeafs zone.
14:12 of 3rd period - Shot by Patrick Marleau.
14:12 of 3rd period - Stopped by Ilya Bryzgalov without a rebound.
14:13 of 3rd period - Evgeni Malkin wins face-off versus Henrik Sedin in Jets zone.
15:09 of 3rd period - Icing by Erik Cole.
15:10 of 3rd period - Erik Cole wins face-off versus Patrick Marleau in Jets zone.
15:37 of 3rd period - Shot by Alex Goligoski.
15:37 of 3rd period - Shot Blocked by Evgeni Malkin.
16:29 of 3rd period - Vernon Fiddler is hit by Clarke MacArthur and loses puck.
17:44 of 3rd period - Shawn Thornton is hit by Brian Boyle and loses puck.
18:23 of 3rd period - Shot by Patrick Marleau.
18:23 of 3rd period - Shot Misses the Net.
18:27 of 3rd period - Shot by Vincent Lecavalier.
18:27 of 3rd period - Shot Misses the Net.
19:10 of 3rd period - Icing by Kris Versteeg.
19:11 of 3rd period - Evgeni Malkin wins face-off versus Henrik Sedin in MapleLeafs zone.
19:15 of 3rd period - Kris Versteeg is hit by Carlo Colaiacovo.
19:17 of 3rd period - MapleLeafs, Antero Niittymaki is pulled from the net.
19:20 of 3rd period - Icing by Henrik Sedin.
19:21 of 3rd period - Erik Cole wins face-off versus Vincent Lecavalier in Jets zone.


Output by the SimonT Hockey Simulator (STHS) for Stephane Roy -- Original Page W3C XHTML 1.0 Valid